 Dungeon Crawl Stone Soup version 0.28-a0-1638-g9123634e07 (webtiles) character file.

Game seed: 6523093876748998427

4427 kae the Grappler (level 10, -2/94 (99) HPs)
             Began as a White Draconian Transmuter on Jan 25, 2022.
             Was a Priest of Ru.
             Slain by an orc (5 damage)
             ... on level 8 of the Dungeon.
             The game lasted 00:07:58 (11893 turns).

kae the Grappler (White Draconian Transmuter)      Turns: 11893, Time: 00:07:59

HP:   -2/94 (99)    AC:  7    Str: 15    XL:     10   Next: 14%
MP:   14/17         EV: 11    Int: 16    God:    Ru [***...]
Gold: 442           SH:  0    Dex: 11    Spells: 11/19 levels left

rFire   x . .      SeeInvis +     - Unarmed
rCold   + + +      Faith    .   (shield currently unavailable)
rNeg    . . .      Spirit   .   (armour unavailable)
rPois   +          Reflect  .   (helmet currently unavailable)
rElec   .          Harm     .   (cloak currently unavailable)
rCorr   .          Rampage  .   (gloves currently unavailable)
Will    .....                   (boots currently unavailable)
Stlth   +.........              (no amulet)
HPRegen 0.25/turn               n - ring of wizardry
MPRegen 0.15/turn               r - ring of see invisible

@: exhausted, ice-form, lightly drained
A: freezing attack, amphibious, boosted hp, (breathe frost), AC +7, large,
unfitting armour, (cold resistance 1), (cold-blooded), inability to use devices,
hated by all
a: End Transformation, Renounce Religion, Draw Out Power


You were on level 8 of the Dungeon.
You worshipped Ru.
Ru was most pleased with you.
You were a creature of crystalline ice.
You visited 1 branch of the dungeon, and saw 9 of its levels.

You collected 463 gold pieces.
You spent 21 gold pieces at shops.

Inventory:

Missiles
 m - a throwing net
Jewellery
 n - a ring of wizardry (left front paw)
 r - a ring of see invisible (right front paw)
Scrolls
 e - a scroll of silence
 f - 3 scrolls of enchant armour
 i - a scroll of teleportation
 j - 2 scrolls of fear
 l - a scroll of blinking
Potions
 a - a potion of magic
 b - a potion of curing
 c - a potion of resistance
 d - a potion of brilliance
 h - 2 potions of flight
 o - 2 potions of mutation {unknown}
 q - a potion of attraction {unknown}
 s - 2 potions of heal wounds
 t - a potion of lignification {unknown}


   Skills:
 + Level 5.7 Fighting
 + Level 5.0 Dodging
 * Level 8.1 Unarmed Combat
 + Level 5.2 Spellcasting
 * Level 7.8 Transmutations
 - Level 5.0 Ice Magic
 - Level 2.0 Poison Magic


You had 11 spell levels left.
You knew the following spells:

 Your Spells              Type           Power      Damage    Failure   Level
a - Beastly Appendage     Tmut           58%        N/A       1%          1
b - Spider Form           Tmut/Pois      19%        N/A       2%          3
c - Ice Form              Ice/Tmut       24%        N/A       4%          4

Your spell library contained the following spells:

 Spells                   Type           Power      Damage    Failure   Level
 Passwall                 Tmut/Erth      13%        N/A       1%          2
 Wereblood                Tmut           29%        N/A       1%          2
 Sandblast                Erth           8%         2d5       6%          1
 Shock                    Conj/Air       16%        1d4       6%          1
 Corpse Rot               Necr/Air       8%         N/A       9%          2
 Sublimation of Blood     Necr           4%         N/A       9%          2
 Mephitic Cloud           Conj/Pois/Air  6%         N/A       14%         3
 Gell's Gravitas          Tloc           4%         N/A       17%         3
 Portal Projectile        Hex/Tloc       8%         N/A       17%         3
 Stone Arrow              Conj/Erth      8%         3d7       17%         3
 Teleport Other           Tloc           4%         N/A       17%         3
 Dispel Undead            Necr           4%         3d7       50%         4
 Leda's Liquefaction      Hex/Erth       2%         N/A       50%         4
 Borgnjor's Vile Clutch   Necr/Erth      2%         N/A       82%         5
 Dispersal                Tloc           2%         N/A       100%        6
 Chain Lightning          Conj/Air       2%         3d2       100%        9
 Call Canine Familiar     Summ           Unusable   N/A       N/A         3
 Death Channel            Necr           Unusable   N/A       N/A         6

Dungeon Overview and Level Annotations

Branches:
Dungeon (9/15)             Temple (0/1) D:4            Lair (0/6) D:9
    Orc: D:9-12

Altars:
Ashenzari
Hepliaklqana
Makhleb
Ru
Sif Muna
Uskayaw
Wu Jian
Yredelemnul

Shops:
D:1 *   D:2 [   D:4 =   D:6 [

Annotations:
D:4 exclusion: upstairs


Innate Abilities, Weirdness & Mutations

You are a creature of crystalline ice.
You have a powerful freezing melee attack.
You are amphibious.
Your maximum health is increased.
Your armour is entirely melded.
You are incapable of wielding weapons or throwing items.
((You can breathe waves of freezing cold which knock back foes.))
((Your icy white scales are hard. (AC +7)))
You cannot fit into any form of body armour.
((Your flesh is cold resistant. (rC+)))
((You are cold-blooded and may be slowed by cold attacks.))
You cannot study or use magical devices.
You are hated by all.


Message History

The orc wizard hits you but does no damage.
The orc hits you with a +0 flail.
* * * LOW HITPOINT WARNING * * *
The orc wizard misses you. The orc completely misses you.
You hit the orc but do no damage.
You redirect the orc wizard's attack!
The orc wizard barely misses you. The orc closely misses you.
The orc wizard barely misses you.
You punch the orc wizard! You freeze the orc wizard.
You kill the orc wizard!
The orc hits you but does no damage. The orc hits you with a +0 flail.
* * * LOW HITPOINT WARNING * * *
The orc wizard points at you and mumbles some strange words.
The puff of flame hits you! The fire burns you terribly!
* * * LOW HITPOINT WARNING * * *
You hit the orc wizard. You freeze the orc wizard.
The orc wizard is heavily wounded.
The orc is no longer moving slowly.
You barely miss the orc wizard.
The orc wizard is heavily wounded.
The orc hits you with a +0 short sword.
* * * LOW HITPOINT WARNING * * *
The orc closely misses you. The orc wizard barely misses you.
You completely miss the orc wizard.
The orc wizard is heavily wounded.
The orc misses you. The orc hits you with a +0 flail.
* * * LOW HITPOINT WARNING * * *
The orc wizard barely misses you.
You punch the orc wizard! You freeze the orc wizard.
You kill the orc wizard!
The orc hits you with a +0 short sword.
* * * LOW HITPOINT WARNING * * *
You focus your inner power and illuminate the orc in retribution!
The orc misses you.
You hit the orc but do no damage. The orc misses you.
The orc is stunned by your conviction and fails to attack.
You pummel the orc!! You freeze the orc.
You kill the orc!
The orc hits you with a +0 short sword.
You die...

#)..# ##...........## #..##
#.............. #..##
#.............. ###
#...######........... #.#
#.....##..........##.
###.###..)..#.........###..
#.....#...#....#......##...
##........)#)...##.#..###..#
##...#......Y)...#####..##..#
#...##..####o.#.######......#
##..###.###..##..........#...
#...........#.........#####.
###.#.............##....##..
##.##...#........#.....##..
#...#...........##.........
#..##>.....#.....##......##
##.###.....#...............


You could see an orc (corona).

Vanquished Creatures
  A two-headed ogre (D:9)
  An orc sorcerer (D:9)
  Maggie (D:8)
  A queen bee (D:7)
  Prince Ribbit (D:8)
  2 slime creatures (D:8)
  Edmund (D:6)
  An acid dragon (D:6)
  A water moccasin (D:7)
  A hornet zombie (D:6)
  An ice beast (D:6)
  A sky beast (D:8)
  A black bear (D:7)
  2 ogres (D:6)
  A centaur (D:6)
  2 kobold brigands
  5 bullfrogs
  A scorpion (D:5)
  A water moccasin skeleton (D:4)
  A howler monkey (D:7)
  A bullfrog zombie (D:7)
  A centaur skeleton (D:5)
  A hound (D:5)
  8 jellies
  A bullfrog skeleton (D:7)
  2 gnoll shamans
  An iguana (D:4)
  6 orc wizards
  A killer bee zombie (D:6)
  A hound skeleton (D:5)
  4 howler monkey zombies
  12 gnolls
  A howler monkey skeleton (D:4)
  5 adders
  2 white imps (D:7)
  3 ufetubi
  2 worms (D:2)
  16 orcs
  3 ball pythons
  7 endoplasms
  5 giant cockroaches
  3 goblins
  8 hobgoblins
  15 kobolds
  2 quokkas
  7 bats
  A frilled lizard (D:3)
  5 rats
151 creatures vanquished.

Vanquished Creatures (collateral kills)
  A giant cockroach (D:2)
1 creature vanquished.

Vanquished Creatures (others)
  3 fungi (D:8)
  6 plants (D:7)
  8 toadstools (D:8)
17 creatures vanquished.

Grand Total: 169 creatures vanquished

Notes
Turn   | Place    | Note
-------+----------+-------------------------------------------
     0 | D:1      | kae the Draconian Transmuter began the quest for the Orb.
     0 | D:1      | Reached XP level 1. HP: 16/16 MP: 3/3
    17 | D:1      | Got the Volume of Rotation
   648 | D:1      | Found Warriod's Assorted Antiques.
   783 | D:1      | Reached XP level 2. HP: 11/23 MP: 3/5
  2007 | D:2      | Found a faded altar of an unknown god.
  2166 | D:2      | Reached XP level 3. HP: 28/28 MP: 6/6
  2177 | D:2      | Learned a level 3 spell: Spider Form
  2232 | D:2      | Found Qiafot's Antique Armour Emporium.
  2573 | D:1      | Bought a puce potion for 21 gold pieces
  2971 | D:3      | Found a shimmering blue altar of Sif Muna.
  3367 | D:3      | Found a faded altar of an unknown god.
  3864 | D:2      | Reached XP level 4. HP: 15/36 MP: 5/7
  4050 | D:3      | Reached skill level 1 in Poison Magic
  4318 | D:4      | Reached XP level 5. HP: 34/41 MP: 6/8
  4346 | D:3      | Reached skill level 4 in Unarmed Combat
  4543 | D:4      | Found a sacrificial altar of Ru.
  4559 | D:4      | Became a worshipper of Ru the Awakened
  4810 | D:4      | Found a staircase to the Ecumenical Temple.
  4897 | D:3      | Found a hazy altar of Hepliaklqana.
  5024 | D:4      | Found Fumiref's Jewellery Emporium.
  5275 | D:5      | Entered Level 5 of the Dungeon
  5287 | D:5      | Reached XP level 6. HP: 37/48 MP: 7/9
  5494 | D:4      | Learned a level 4 spell: Ice Form
  6125 | D:5      | Found a burning altar of Makhleb.
  6133 | D:5      | Reached skill level 1 in Ice Magic
  6650 | D:5      | Found an ornate altar of the Wu Jian Council.
  6910 | D:4      | Your scales start taking on an icy white colour.
  6910 | D:4      | Reached XP level 7. HP: 54/56 MP: 8/11
  6910 | D:4      | Gained mutation: Your flesh is cold resistant. (rC+) [White
                  | Draconian growth]
  7278 | D:5      | Gained mutation: You are hated by all. [Ru sacrifice]
  7278 | D:5      | Reached * piety under Ru
  7278 | D:5      | Reached ** piety under Ru
  7368 | D:5      | Found a broken altar of Ashenzari.
  7847 | D:6      | Reached skill level 5 in Unarmed Combat
  8085 | D:6      | Noticed Edmund
  8126 | D:6      | Found Gonim's Antique Armour Shop.
  8143 | D:6      | Killed Edmund
  8487 | D:6      | Reached XP level 8. HP: 63/63 MP: 9/13
  8719 | D:6      | Reached skill level 5 in Transmutations
  9447 | D:7      | Noticed a queen bee
  9447 | D:7      | an electric eel changed into a queen bee
  9460 | D:7      | Killed a queen bee
  9461 | D:7      | Reached skill level 6 in Unarmed Combat
  9597 | D:7      | Reached skill level 5 in Ice Magic
  9734 | D:7      | Found a hide-covered altar of Uskayaw.
  9926 | D:7      | Reached XP level 9. HP: 71/71 MP: 10/15
 10761 | D:8      | Gained mutation: You cannot study or use magical devices.
                  | [Ru sacrifice]
 10761 | D:8      | Reached *** piety under Ru
 11023 | D:8      | Noticed Prince Ribbit
 11024 | D:8      | Noticed Maggie
 11037 | D:8      | Killed Maggie
 11038 | D:8      | Reached skill level 7 in Unarmed Combat
 11040 | D:8      | Killed Prince Ribbit
 11403 | D:8      | Reached skill level 5 in Fighting
 11834 | D:9      | Noticed a two-headed ogre
 11840 | D:9      | Noticed an orc sorcerer
 11845 | D:9      | HP: 2/88 [two-headed ogre (26)]
 11846 | D:9      | Killed a two-headed ogre
 11847 | D:9      | Reached skill level 5 in Spellcasting
 11847 | D:9      | Reached XP level 10. HP: 2/81 MP: 13/17
 11850 | D:9      | Noticed an orange demon
 11851 | D:9      | Killed an orc sorcerer
 11852 | D:9      | Reached skill level 5 in Dodging
 11852 | D:9      | Reached skill level 8 in Unarmed Combat
 11891 | D:8      | HP: 3/94 [orc (5)]
 11893 | D:8      | Slain by an orc

Illustrated notes

Levels and vault maps discovered:
D:1:      minmay_arrival_pointy, layout_basic, serial_shops,
          nicolae_shop_overgrown_old_shop
D:2:      layout_loops_cross, serial_shops, nicolae_square_shop,
          nicolae_ecumenical_oubliette, nrook_campfire, dk_noncrumbling_3
D:3:      layout_basic, nicolae_overflow_ecumenical_swirl,
          mainiacjoe_overflow_brackets, grunt_decor_arrowhead, minivault_24
D:4:      layout_rooms, nicolae_ru_sacrificial_ziggurat,
          minmay_temple_entry_junction_2, serial_shops, nicolae_shop_trees,
          serial_corexii_hall, chequers_hall_statues_wall_a,
          corexii_hall_statues_l, minmay_splitting_lines
D:5:      layout_loops_cross, makhleb_heckhound_becter,
          mainiacjoe_overflow_24_doors, mainiacjoe_overflow_large_starburst,
          st_stairs_8, hangedman_abyss_or_decor_passed
D:6:      layout_loops_ring, serial_shops,
          nicolae_shop_competitors_out_of_business, uniq_edmund
D:7:      layout_loops_ring, nicolae_uskayaw_dance_studio, serial_bayou,
          serial_bayou_pond_d, serial_bayou_pond_d, serial_bayou_pond_e,
          serial_bayou_ford_a, serial_bayou_lagoon_a,
          corexii_item_surrounded_by_moat, nrook_mini_backslash, hex_medium
D:8:      cheibrodos_fertilizer, layout_cave_pools, uniq_maggie,
          uniq_prince_ribbit1
D:9:      cheibrodos_wizards_tower, layout_basic,
          nicolae_qazlal_general_emergency, grunt_lair_entry_orc_guard_hut,
          enter_bailey_6

Skill      XL: |  1  2  3  4  5  6  7  8  9 10 |
---------------+-------------------------------+-----
Dodging        | 2 3 4 5 |  5.0
Transmutations | 3 4 6 7 |  7.8
Poison Magic   | 1 2 |  2.0
Fighting       | 2 3 4 5 |  5.7
Unarmed Combat | 4 5 6 7 8 |  8.1
Ice Magic      | 1 3 5 |  5.0
Spellcasting   | 3 4 5 |  5.2

Action                   |  1- 3 |  4- 6 |  7- 9 | 10-12 || total
-------------------------+-------+-------+-------+-------++-------
Melee: Unarmed           |   135 |   155 |   224 |    13 ||   527
       Kick              |     9 |    21 |       |       ||    30
       Headbutt          |     8 |    12 |       |       ||    20
       Punch             |     1 |     1 |     1 |       ||     3
       Tailslap          |    17 |     6 |     2 |       ||    25
 Cast: Beastly Appendage |    34 |    11 |       |       ||    45
       Spider Form       |       |    13 |     9 |       ||    22
       Ice Form          |       |     1 |    24 |     1 ||    26
Invok: Sacrifice Love    |       |       |     1 |       ||     1
       Draw Out Power    |       |       |     1 |     2 ||     3
       Sacrifice Artific |       |       |     1 |       ||     1
 Abil: Breathe Frost     |       |       |     4 |       ||     4
Evoke: Wand              |       |       |     3 |       ||     3
  Use: Scroll            |     6 |     7 |     7 |       ||    20
       Potion            |       |       |     1 |       ||     1
 Stab: Invisible         |       |       |     1 |       ||     1
Armor: Skin              |    46 |    34 |    46 |     5 ||   131
Dodge: Dodged            |    87 |   130 |   100 |    18 ||   335

Table legend: (Time is in decaauts)
 A = Elapsed time spent in this place.
 B = Non-inter-level travel time spent in this place.
 C = Inter-level travel time spent in this place.
 D = Time resting spent in this place.
 E = Time spent auto-exploring this place.
 F = Levels seen in this place.
 G = Mean time per level.
                   A        B        C        D        E       F      G
               +--------+--------+--------+--------+--------+-----+--------+
         Total |  11870 |  11464 |    406 |    703 |   9247 |   9 | 1318.9 |
       Dungeon |  11870 |  11464 |    406 |    703 |   9247 |   9 | 1318.9 |
               +--------+--------+--------+--------+--------+-----+--------+

Top non-repeatable levels by time:
     D:5: 1939 daAuts
     D:3: 1675 daAuts
     D:6: 1500 daAuts
     D:1: 1494 daAuts
     D:8: 1396 daAuts
     D:2: 1330 daAuts
     D:4: 1307 daAuts
     D:7: 1160 daAuts
     D:9: 65 daAuts
